 Dungeon Crawl Stone Soup version 0.20.1-1-g8b1a95d (webtiles) character file.

238 equalderp2856 the Chopper (level 5, -1/47 HPs)
             Began as a Minotaur Fighter on Sept 23, 2017.
             Slain by an orc priest
             ... wielding a +0 flail
              (3 damage)
             ... on level 3 of the Dungeon.
             The game lasted 00:03:02 (1997 turns).

equalderp2856 the Chopper (Minotaur Fighter)        Turns: 1997, Time: 00:03:02

Health: -1/47      AC:  8    Str: 20    XL:     5   Next: 78%
Magic:  4/4        EV:  8    Int:  5    God:
Gold:   86         SH:  9    Dex: 11    Spells: 4/4 levels left

rFire    . . .     SeeInvis .   a - +0 war axe
rCold    . . .     Gourm    .   c - +0 shield
rNeg     . . .     Faith    .   b - +0 scale mail
rPois    .         Spirit   .   (helmet restricted)
rElec    .         Reflect  .   (no cloak)
rCorr    .         Harm     .   l - +0 pair of gloves
MR       .....                  (no boots)
Stlth    ..........             (no amulet)
Regen    0.2/turn               (no ring)
MPRegen  0.1/turn               (no ring)

@: no status effects
A: retaliatory headbutt, horns 2
a: no special abilities


You were on level 3 of the Dungeon.
You were not hungry.

You visited 1 branch of the dungeon, and saw 3 of its levels.

You collected 86 gold pieces.

Inventory:

Hand Weapons
 a - a +0 war axe (weapon)
Armour
 b - a +0 scale mail (worn)
 c - a +0 shield (worn)
 l - a +0 pair of gloves (worn)
 p - a +0 pair of boots
Jewellery
 k - a cursed ring of teleportation {unknown}
Wands
 r - a wand of lightning (2/15)
Scrolls
 e - a scroll of remove curse
 g - 3 scrolls of teleportation
 j - a scroll of amnesia {unknown}
 m - a scroll of identify {unknown}
 n - a scroll of fog {unknown}
 o - a scroll of random uselessness {unknown}
Potions
 d - a potion of might
 h - a potion of cancellation {unknown}
Comestibles
 f - 2 bread rations
 q - a meat ration


   Skills:
 + Level 4.4 Fighting
 + Level 5.0 Axes
 + Level 4.7 Armour
 + Level 0.9 Dodging
 + Level 4.8 Shields


You had 4 spell levels left.
You didn't know any spells.

Dungeon Overview and Level Annotations

Branches:
Dungeon (3/15)

Altars:
Sif Muna
Trog
Uskayaw


Innate Abilities, Weirdness & Mutations

You reflexively headbutt those who attack you in melee.
You have a pair of horns on your head.


Message History

The orc priest looks encouraged for a moment.
Unknown command.
You feel better. The orc hits you with a hand axe.
You hit the orc. You headbutt the orc.
You kill the orc!
You hit the orc. You headbutt the orc, but do no damage.
The orc is lightly wounded.
The orc closely misses you.
You slash the orc!
You kill the orc!
The orc priest mumbles some strange prayers to Beogh against you.
Beogh smites you!
* * * LOW HITPOINT WARNING * * *
You slash the orc!
You kill the orc!
The orc priest hits you with a flail.
* * * LOW HITPOINT WARNING * * *
Your shield and scale mail prevent you from hitting the orc priest.
Your headbutt misses the orc priest. The orc priest hits you with a flail.
You die...

####...(..........##
# #.#.#####.#......
# #.#.# #.#..#...
####.#.#####......##
##.................#
................# .#
##.....###.#).#.# .#
#.....##
##.).#)##.###.#
.....##
##)...@o.....#
#....#
#..(.##......<
.....# #..###
#.##### ##.##. #...#
.# #....# . ...##.#
#. ###. #.# .# #.
#.# #


You could see an orc priest.

Vanquished Creatures
  An orc priest (D:3)
  3 orc wizards (D:3)
  Jessica (D:2)
  2 oozes (D:2)
  2 worms
  3 dart slugs
  A leopard gecko (D:2)
  8 orcs (D:3)
  4 giant cockroaches
  5 goblins
  8 hobgoblins
  4 jackals (D:1)
  9 kobolds
  A quokka (D:2)
  7 bats
  A frilled lizard (D:2)
  9 rats
69 creatures vanquished.

Notes
Turn   | Place    | Note
-------+----------+-------------------------------------------
     0 | D:1      | equalderp2856 the Minotaur Fighter began the quest for the Orb.
     0 | D:1      | Reached XP level 1. HP: 19/19 MP: 0/0
   135 | D:1      | Reached XP level 2. HP: 17/27 MP: 1/1
   581 | D:1      | Reached XP level 3. HP: 33/33 MP: 2/2
  1041 | D:2      | Reached skill level 3 in Axes
  1424 | D:2      | Noticed Jessica
  1432 | D:2      | Killed Jessica
  1432 | D:2      | Reached XP level 4. HP: 24/40 MP: 3/3
  1730 | D:2      | Found a deep blue altar of Sif Muna.
  1730 | D:2      | Found a bloodstained altar of Trog.
  1731 | D:2      | Found a hide-covered altar of Uskayaw.
  1963 | D:3      | Reached skill level 4 in Axes
  1963 | D:3      | Reached XP level 5. HP: 24/46 MP: 4/4
  1982 | D:3      | Reached skill level 5 in Axes
  1989 | D:3      | HP: 1/47 [orc priest/divine providence (13)]
  1996 | D:3      | HP: 2/47 [orc priest/flail (3)]
  1997 | D:3      | Slain by an orc priest

Skill      XL: |  1  2  3  4  5 |
---------------+----------------+-----
Shields        | 4 |  4.8
Armour         | 4 |  4.7
Fighting       | 4 |  4.4
Axes           | 3 4 5 |  5.0
Dodging        | |  0.9

Action                   |  1- 3 |  4- 6 || total
-------------------------+-------+-------++-------
Melee: War axe           |    96 |    67 ||   163
       Headbutt          |    17 |    12 ||    29
  Use: Scroll            |     4 |       ||     4
       Potion            |       |     3 ||     3
  Eat: Chunk             |     1 |       ||     1
       Bread ration      |       |     1 ||     1
Armor: Scale mail        |    56 |    33 ||    89
Dodge: Dodged            |    28 |    21 ||    49
Block: Shield            |    54 |    31 ||    85
